Map: Ruins of Endion

Players

FuriOus

  • Race: Zerg Zerg
  • League: Master

Miszu - Winner!

  • Race: Terran Terran
  • League: Master

VOD

Have the link to the VOD?

Description

Time

  • Played on: April 9, 2016, 4:09 p.m.
  • Length: 15:14
Show
View Real Time Build Order
Export as new Build Order

FuriOus Zerg 

Build Orders: Hatch First 

Get SALT Encoding   

  12  0:02  Drone  
  13  0:12  Overlord  
  13  0:18  Drone  
  14  0:31  Drone x2  
  16  0:36  Drone  
  17  0:54  Hatchery  
  16  0:58  Drone  
  16  1:00  Drone  
  18  1:13  Spawning Pool  
  18  1:16  Drone  
  18  1:19  Drone  
  18  1:22  Extractor  
  18  1:37  Drone  
  19  1:41  Overlord  
  19  2:00  Queen  
  21  2:01  Zergling x2  
  21  2:02  Zergling x2  
  21  2:06  Drone  
  21  2:08  Queen  
  24  2:14  Overlord  
  26  2:19  Drone  
  26  2:22  Drone  
  28  2:34  Drone  
  28  2:35  Drone  
  30  2:43  Drone x2  
  32  2:46  Hatchery  
  32  2:49  Drone  
  32  2:55  Drone  
  33  3:00  Drone  
  34  3:07  Overlord, Roach Warren  
  34  3:11  Drone  
  34  3:12  Drone  
  35  3:14  Drone  
  36  3:22  Overlord  
  36  3:29  Drone  
  36  3:30  Drone x3  
  40  3:37  Drone x2  
  42  3:42  Queen  
  43  3:50  Roach x4  
  51  3:57  Overlord  
  51  3:59  Roach  
  53  4:03  Spore Crawler  
  53  4:06  Roach  
  53  4:07  Drone x3  
  57  4:10  Drone  
  57  4:14  Drone  
  58  4:20  Drone x2  
  58  4:22  Queen  
  62  4:27  Extractor  
  62  4:29  Spore Crawler  
  62  4:30  Drone  
  61  4:33  Lair, Drone  
  61  4:35  Extractor, Drone  
  61  4:37  Drone  
  61  4:38  Drone x2  
  65  4:40  Drone  
  65  4:43  Overlord  
  65  4:45  Overlord  
  65  4:54  Queen  
  65  4:58  Ravager  
  65  4:59  Overlord  
  66  5:02  Ravager x2  
  66  5:03  Drone  
  66  5:06  Extractor  
  68  5:07  Spore Crawler  
  68  5:10  Drone x5  
  68  5:11  Drone  
  73  5:17  Evolution Chamber  
  73  5:18  Evolution Chamber  
  73  5:20  Drone  
  72  5:36  Overseer  
  72  5:37  Drone x4  
  75  5:44  Drone x6  
  75  5:45  Drone x3  
  83  5:51  Zerg Missile Weapons Level 1, Zerg Ground Armor Level 1  
  83  5:55  Drone  
  84  6:05  Drone x3  
  84  6:06  Glial Reconstitution, Drone x3  
  84  6:07  Hydralisk Den  
  89  6:14  Drone  
  90  6:27  Extractor, Drone  
  90  6:28  Extractor, Drone  
  90  6:29  Overlord x4  
  90  6:34  Overlord  
  90  6:35  Pneumatized Carapace  
  90  6:56  Drone x2  
  90  6:57  Hydralisk x6, Drone  
  90  6:59  Hydralisk x3  
  111  7:05  Muscular Augments  
  111  7:14  Hydralisk  
  113  7:17  Hydralisk  
  113  7:19  Roach x3  
  113  7:22  Overlord x4  
  121  7:24  Overseer  
  121  7:29  Overlord  
  121  7:43  Hatchery  
  118  7:52  Hydralisk  
  118  7:53  Hydralisk x10  
  118  7:55  Overlord x2, Roach x2  
  142  8:03  Hydralisk, Roach  
  148  8:05  Roach  
  148  8:13  Roach  
  150  8:24  Hydralisk  
  146  8:27  Hydralisk  
  146  8:30  Hydralisk  
  137  8:39  Overseer x3  
  137  8:40  Hydralisk, Overseer  
  137  8:41  Hydralisk x5  
  141  8:48  Roach  
  141  8:51  Roach  
  141  8:54  Roach  
  145  8:57  Queen, Drone x5  
  145  8:59  Zerg Missile Weapons Level 2  
  152  9:05  Hydralisk x3  
  158  9:10  Drone  
  158  9:11  Extractor  
  158  9:12  Hydralisk x2  
  158  9:13  Overlord x2  
  158  9:15  Roach  
  158  9:16  Roach  
  166  9:22  Hydralisk  
  166  9:24  Hydralisk x2  
  136  9:36  Infestation Pit  
  135  9:39  Extractor  
  135  9:44  Hydralisk x5  
  144  9:48  Roach, Hatchery  
  144  9:49  Roach  
  147  9:56  Roach  
  147  9:58  Roach  
  151  10:02  Zerg Ground Armor Level 2  
  151  10:04  Roach  
  153  10:10  Roach x5  
  153  10:11  Roach  
  159  10:14  Roach  
  159  10:15  Roach x2  
  159  10:19  Hydralisk  
  161  10:24  Overlord x2  
  161  10:27  Hydralisk  
  163  10:36  Hive  
  163  10:47  Spire, Pathogen Glands  
  162  11:03  Hydralisk x2  
  138  11:22  Infestor x2  
  138  11:23  Hydralisk x8  
  132  11:26  Hydralisk x2  
  132  11:29  Hydralisk  
  132  11:31  Hydralisk, Spore Crawler  
  129  11:33  Hydralisk  
  129  11:34  Queen  
  129  11:35  Drone  
  129  11:36  Drone x6  
  129  11:38  Hydralisk  
  142  11:42  Hydralisk  
  142  11:43  Hydralisk  
  142  11:44  Hydralisk  
  142  11:46  Roach x3  
  154  11:49  Hydralisk  
  154  11:51  Hydralisk  
  154  11:54  Hydralisk  
  158  11:56  Hydralisk  
  152  12:01  Hydralisk x2  
  141  12:10  Overseer  
  141  12:11  Overseer  
  141  12:12  Overseer  
  141  12:13  Hydralisk  
  141  12:14  Hydralisk x2  
  145  12:16  Hydralisk  
  144  12:24  Hydralisk  
  144  12:25  Hydralisk  
  144  12:26  Hydralisk  
  144  12:29  Hydralisk  
  139  12:38  Drone x4  
  143  12:46  Drone  
  144  12:55  Hatchery  
  144  12:56  Infestor  
  145  12:59  Infestor  
  145  13:00  Infestor  
  145  13:01  Roach  
  145  13:02  Hydralisk  
  153  13:17  Hydralisk  
  153  13:19  Hydralisk  
  139  13:21  Hydralisk  
  139  13:27  Hydralisk x2, Hatchery  
  142  13:28  Hydralisk  
  142  13:33  Hydralisk  
  150  13:36  Infestor  
  150  13:39  Roach  
  154  13:52  Overlord x3  
  154  14:06  Hydralisk x3  
  148  14:33  Hatchery  
  148  14:35  Hydralisk x5  
  148  14:37  Hydralisk  
  107  14:47  Overseer  
  107  14:48  Overseer x3  
Show
View Real Time Build Order
Export as new Build Order

Miszu Terran - Winner!

Build Orders: Hellion Banshee 

Get SALT Encoding   

  12  0:00  SCV  
  13  0:12  SCV  
  14  0:17  Supply Depot  
  14  0:24  SCV  
  15  0:39  SCV  
  15  0:42  Barracks  
  16  0:51  SCV  
  17  0:57  Refinery  
  17  1:03  SCV  
  18  1:15  SCV  
  19  1:28  Orbital Command  
  19  1:29  Marine  
  20  1:38  Command Center  
  20  1:47  Marine  
  20  1:50  Supply Depot  
  21  1:54  SCV  
  22  2:06  SCV  
  23  2:09  Factory  
  23  2:17  Barracks Reactor  
  23  2:18  SCV  
  24  2:24  Refinery  
  24  2:30  SCV  
  25  2:43  SCV  
  26  2:50  Orbital Command  
  26  2:55  SCV  
  27  2:58  Starport  
  27  3:02  Barracks Tech Lab  
  27  3:04  Hellion x2  
  31  3:07  SCV  
  32  3:18  SCV  
  32  3:19  SCV  
  34  3:20  Supply Depot  
  34  3:28  Hellion  
  34  3:29  Hellion  
  34  3:30  SCV  
  34  3:31  SCV  
  39  3:41  Cloaking Field, Banshee  
  39  3:42  SCV  
  39  3:43  SCV  
  44  3:53  Hellion x2  
  48  3:56  SCV x2  
  48  3:58  Supply Depot  
  50  4:05  Armory  
  50  4:08  SCV  
  50  4:09  SCV  
  52  4:20  SCV  
  52  4:21  SCV  
  58  4:24  Banshee  
  57  4:32  SCV  
  57  4:35  Supply Depot  
  57  4:37  SCV  
  59  4:43  Refinery x2  
  59  4:44  SCV  
  60  4:47  Command Center  
  60  4:49  SCV  
  61  4:58  Supply Depot  
  61  5:00  SCV  
  61  5:01  SCV  
  63  5:07  Starport  
  63  5:11  Starport  
  63  5:12  Terran Ship Weapons Level 1, SCV  
  63  5:13  SCV  
  65  5:24  SCV  
  65  5:26  SCV  
  67  5:36  SCV  
  67  5:41  Liberator x2  
  68  5:47  Banshee  
  68  5:49  Starport Tech Lab, SCV x2  
  73  5:51  Supply Depot  
  73  5:55  Supply Depot  
  73  6:01  SCV x2  
  73  6:03  Refinery  
  82  6:05  Orbital Command  
  81  6:11  Banshee  
  81  6:13  Refinery, SCV x2  
  81  6:15  Fusion Core  
  81  6:16  Engineering Bay  
  86  6:24  Supply Depot  
  86  6:25  Supply Depot, SCV x2  
  88  6:33  Banshee  
  88  6:36  SCV, Factory Reactor  
  88  6:37  SCV x2  
  94  6:44  Liberator  
  94  6:46  Liberator  
  94  6:48  SCV  
  94  6:49  SCV x2  
  94  6:53  Supply Depot  
  97  6:54  Supply Depot, Starport  
  97  6:55  Starport  
  97  7:01  SCV x2  
  98  7:02  SCV  
  98  7:07  Liberator x2  
  106  7:13  SCV x2  
  106  7:14  SCV  
  109  7:16  Missile Turret  
  109  7:25  SCV  
  116  7:30  Hellion  
  116  7:31  Hellion  
  116  7:33  Factory  
  116  7:34  Supply Depot  
  120  7:37  Supply Depot, Starport Tech Lab x2  
  120  7:51  Armory  
  120  7:52  Hellion x2  
  120  7:54  Liberator x2  
  124  8:03  Banshee  
  133  8:15  Liberator  
  133  8:18  Factory Tech Lab  
  121  8:43  Hellion x2  
  121  8:48  Command Center  
  119  8:49  Command Center  
  119  8:51  Hyperflight Rotors  
  119  8:58  Hellion, Infernal Pre-Igniter  
  119  8:59  Viking  
  119  9:00  Liberator  
  123  9:04  Hellion  
  123  9:05  Hellion, Liberator  
  127  9:19  Hellion, Command Center  
  135  9:26  Hellion x2  
  135  9:33  Banshee  
  138  9:40  SCV x3  
  138  9:41  Hellion  
  138  9:42  Terran Vehicle Weapons Level 1  
  143  9:46  Supply Depot  
  143  9:47  Supply Depot, Hellion x2  
  143  9:49  Supply Depot x2  
  143  9:50  Supply Depot  
  143  9:51  Viking  
  143  9:52  SCV  
  150  9:55  Banshee  
  153  10:02  Hellion  
  153  10:04  Orbital Command  
  155  10:09  Hellion x2  
  156  10:20  Banshee x3  
  159  10:23  Hellion  
  161  10:30  Hellion x2, Orbital Command  
  165  10:38  Liberator, Banshee  
  168  10:45  Refinery  
  168  10:47  Sensor Tower  
  171  10:58  Refinery  
  171  11:00  Terran Vehicle And Ship Armor Level 1  
  171  11:03  Banshee  
  174  11:06  Planetary Fortress  
  174  11:14  Liberator x2  
  144  11:25  Hellion  
  144  11:26  Hellion x2  
  144  11:31  Liberator  
  154  11:47  Banshee x2  
  161  11:56  Hellion x3  
  152  12:10  Banshee  
  155  12:20  Banshee  
  156  12:24  Command Center  
  156  12:25  Command Center  
  156  12:29  Hellion x3, Banshee  
  145  12:45  Viking x3  
  145  12:50  Hellion  
  145  12:51  Hellion x2  
  157  12:53  Viking  
  159  13:09  Liberator x5  
  159  13:12  Hellion x3  
  162  13:22  Advanced Ballistics  
  162  13:25  Banshee  
  180  13:33  Hellion x3  
  186  13:55  Hellion x3  
  192  14:08  Viking  
  192  14:09  Viking x2  
  198  14:15  Viking  
  152  15:07  Refinery  
Tags
 
Add a new tag
Caveats
  • Supply blocks, unpowered buildings, or Contaminate may cause inaccurate times.
  • Supply counts are checked every 10 seconds.